 Dungeon Crawl Stone Soup version 0.29.1-1-gd02db6906a (webtiles) character file.

Game seed: 210149628634353962

631 holycorn the Chopper (level 7, -4/99 HPs)
             Began as a Minotaur Berserker on Sept 21, 2022.
             Was a Believer of Trog.
             Slain by Menkaure (15 damage)
             ... on level 4 of the Dungeon.
             The game lasted 00:06:46 (4011 turns).

holycorn the Chopper (Minotaur Berserker)           Turns: 4011, Time: 00:06:48

Health: -4/99      AC:  2    Str: 23    XL:     7   Next: 24%
Magic:  6/6        EV: 12    Int:  4    God:    Trog [**....]
Gold:   224        SH:  0    Dex: 10    Spells: 6/6 levels left

rFire   . . .      SeeInvis .   a - +0 hand axe
rCold   . . .      Faith    .   (no shield)
rNeg    . . .      Spirit   .   b - +0 animal skin
rPois   .          Reflect  .   (helmet restricted)
rElec   .          Harm     .   (no cloak)
rCorr   .          Rampage  .   (no gloves)
Will    .....                   (no boots)
Stlth   ..........              (no amulet)
HPRegen 0.26/turn               (no ring)
MPRegen 0.10/turn               (no ring)

@: mighty, berserking, very quick
A: horns 2, retaliatory headbutt
a: Renounce Religion, Berserk, Trog's Hand


You were on level 4 of the Dungeon.
You worshipped Trog.
Trog was pleased with you.
You visited 1 branch of the dungeon, and saw 6 of its levels.

You collected 224 gold pieces.

Inventory:

Hand Weapons
 a - a +0 hand axe (weapon)
Missiles
 q - 3 silver javelins (quivered)
Armour
 b - a +0 animal skin (worn)
Jewellery
 d - a ring of ice
Wands
 o - a wand of mindburst (12)
 v - a wand of paralysis (8)
Scrolls
 c - a scroll of acquirement {unknown}
 f - a scroll of identify
 k - a scroll of vulnerability {unknown}
 l - 2 scrolls of magic mapping {unknown}
 n - 2 scrolls of fear {unknown}
 p - 2 scrolls of enchant armour {unknown}
 s - a scroll of enchant weapon {unknown}
Potions
 e - a potion of resistance {unknown}
 g - a potion of might
 h - a potion of haste {unknown}
 i - a potion of heal wounds {unknown}
 j - 2 potions of curing {unknown}
 m - a potion of brilliance {unknown}
 r - a potion of ambrosia {unknown}
 t - a potion of lignification {unknown}
 u - a potion of attraction {unknown}


   Skills:
 * Level 7.0 Fighting
 + Level 7.5 Axes
 + Level 3.6 Armour
 - Level 2.4 Dodging


You had 6 spell levels left.
You didn't know any spells.
Your spell library was empty.

Dungeon Overview and Level Annotations

Branches:
Dungeon (6/15)
 Temple: D:4-7

Altars:
Dithmenos

Shops:
D:3 !

Annotations:
D:4 Menkaure


Innate Abilities, Weirdness & Mutations

You have a pair of horns on your head.
You reflexively headbutt those who attack you in melee.


Message History

The phantom hits you.
You hit the phantom. Your headbutt misses the phantom.
The phantom is severely damaged.
The phantom closely misses you.
You hit the phantom. You headbutt the phantom.
The phantom is severely damaged.
The phantom hits you.
You hit the phantom.
The phantom is severely damaged.
The phantom hits you.
You closely miss the phantom.
The phantom is severely damaged.
The phantom hits you.
You slash the phantom!
You destroy the phantom!
Trog accepts your kill.
Your Fighting skill increases to level 7!
You now have 224 gold pieces (gained 15).
Things that are here:
a +0 dagger; a kobold corpse
There is a stone staircase leading down here.
Menkaure and an endoplasm come into view.
Menkaure shouts!
The endoplasm quivers.
Menkaure gestures wildly while chanting.
Menkaure seems to speed up.
Menkaure calls on the powers of darkness!
The endoplasm convulses!
Your body is wracked with pain!
Menkaure hits you!!
* * * LOW HITPOINT WARNING * * *
Okay, then.
You feel very mighty all of a sudden. Menkaure closely misses you.
A red film seems to cover your vision as you go berserk!
You feel yourself moving faster!
You feel mighty!
Menkaure calls on the powers of darkness!
Your body is wracked with pain!
* * * LOW HITPOINT WARNING * * *
Menkaure hits you!
You die...

##..#######....
#..............
..####..#.#####.....
#.........# #.....
#####...#######.....
##.........##.....
#######....#####.....รท..
#.....J.#..# #####....
...#@...# #....<
#.....M.....#######.....
......#.................
#.....######...>..<.....
#.... ########..... #####
##.... ##... ####


You could see Menkaure (fast) and an endoplasm.

Vanquished Creatures
  A sky beast (D:6)
  A phantom (D:4)
  A necrophage (D:6)
  2 scorpions
  2 orc priests (D:5)
  A jelly (D:5)
  An iguana (D:4)
  An orc wizard (D:5)
  4 gnolls (D:2)
  4 adders
  4 dart slugs
  3 orcs
  5 endoplasms
  4 giant cockroaches
  3 goblins
  10 hobgoblins
  5 jackals
  8 kobolds
  A quokka (D:5)
  5 ball pythons
  A bat (D:1)
  4 rats
71 creatures vanquished.

Notes
Turn   | Place    | Note
-------+----------+-------------------------------------------
     0 | D:1      | holycorn the Minotaur Berserker began the quest for the
                  | Orb.
     0 | D:1      | Reached XP level 1. HP: 19/19 MP: 0/0
   322 | D:1      | Reached XP level 2. HP: 27/27 MP: 1/1
   804 | D:1      | Reached ** piety under Trog
  1186 | D:2      | Reached XP level 3. HP: 27/33 MP: 2/2
  1345 | D:2      | Reached XP level 4. HP: 35/41 MP: 3/3
  1457 | D:2      | Reached skill level 5 in Axes
  2225 | D:3      | Found Aclydd's Distillery.
  2233 | D:3      | Reached skill level 5 in Fighting
  2606 | D:3      | Found a shadowy altar of Dithmenos.
  2716 | D:3      | You fall into a shaft and drop 3 floors!
  2717 | D:6      | Noticed a necrophage
  2745 | D:6      | Noticed a sky beast
  2753 | D:6      | Killed a necrophage
  2754 | D:6      | Reached XP level 5. HP: 48/48 MP: 4/4
  2757 | D:6      | Killed a sky beast
  2758 | D:6      | Reached XP level 6. HP: 57/57 MP: 5/5
  2841 | D:5      | Entered Level 5 of the Dungeon
  3590 | D:4      | Reached XP level 7. HP: 61/64 MP: 6/6
  4006 | D:4      | Noticed Menkaure
  4011 | D:4      | Slain by Menkaure

Illustrated notes

Levels and vault maps discovered:
D:1:      minmay_arrival_jagged, layout_basic
D:2:      layout_basic, st_stairs_2
D:3:      layout_loops_ring, lemuel_doored_altar, serial_shops, shop
D:4:      layout_rooms, uniq_duvessa, uniq_menkaure
D:5:      layout_rooms, jmf_multi_god_temple2, serial_park_tiny_1
D:6:      layout_basic, kennysheep_little_box, minmay_puff

Skill      XL: |  1  2  3  4  5  6  7 |
---------------+----------------------+-----
Fighting       | 4 5 6 7 |  7.0
Axes           | 4 5 6 7 |  7.5
Armour         | 3 |  3.6
Dodging        | |  2.4

Action                   |  1- 3 |  4- 6 |  7- 9 || total
-------------------------+-------+-------+-------++-------
Melee: Hand axe          |    57 |    92 |    26 ||   175
       Headbutt          |     6 |    12 |     8 ||    26
Invok: Berserk           |       |     2 |     1 ||     3
  Use: Scroll            |       |       |     1 ||     1
       Potion            |       |       |     1 ||     1
Armor: Animal skin       |     9 |    11 |     1 ||    21
Dodge: Dodged            |    39 |    47 |    17 ||   103
